[Event "ESP-chT Div Honor 2018"]
[Site "Linares"]
[Date "2018.08.12"]
[Round "7"]
[White "Muzychuk, Anna"]
[Black "Aroshidze, Levan"]
[Result "1/2-1/2"]
[WhiteElo "2564"]
[BlackElo "2504"]
[ECO "B41"]
[Opening "Sicilian"]
[Variation "Kan, Maroczy bind (Reti variation)"]
[TimeControl "40/5400+30:1800+30"]
[Annotator "RC"]
[EventDate "2018.08.06"]
[PlyCount "63"]
[EventType "team-tourn"]
[EventCountry "ESP"]

1. e4 c5 2. Nf3 e6 3. d4 cxd4 4. Nxd4 a6 5. c4 Nf6 6. Nc3 Qc7 7. Be2 Bb4 8.
Nc2 Be7 9. f4 d6 10. Be3 O-O 11. Rc1 b6 12. Nd4 Bb7 13. Bf3 Re8 14. O-O Bf8
15. g4 Nfd7 16. g5 Nc6 17. b3 Rac8 18. h4 Qb8 19. Qd2 Nxd4 20. Bxd4 Bc6 21.
h5 b5 22. cxb5 axb5 23. g6 fxg6 24. hxg6 hxg6 25. Qg2 b4 26. Ne2 e5 27. Be3
Nf6 28. fxe5 dxe5 29. Qxg6 Bb5 30. Rxc8 Rxc8 31. Bg4 Nxg4 32. Qf7+ 1/2-1/2

[Event "ESP-chT Div Honor 2018"]
[Site "Linares"]
[Date "2018.08.12"]
[Round "7"]
[White "Santos Ruiz, Miguel"]
[Black "Ramiro Ovejero, Juan Luis"]
[Result "1-0"]
[WhiteElo "2517"]
[BlackElo "2382"]
[ECO "B41"]
[Opening "Sicilian"]
[Variation "Kan, Maroczy bind (Reti variation)"]
[TimeControl "40/5400+30:1800+30"]
[Annotator "ChessBase"]
[EventDate "2018.08.06"]
[PlyCount "79"]
[EventType "team-tourn"]
[EventCountry "ESP"]

1. e4 c5 2. Nf3 e6 3. d4 cxd4 4. Nxd4 a6 5. c4 Nf6 6. Nc3 Bb4 7. Qd3 d5 8.
exd5 exd5 9. Be2 O-O 10. O-O Nc6 11. cxd5 Nxd5 12. Nxc6 bxc6 13. Nxd5 Qxd5
14. Qg3 Bd6 15. Bf4 Bxf4 16. Qxf4 Be6 17. Rfc1 Rab8 18. b3 Rb6 19. Bf3 Qb5
20. Qe3 a5 21. Rc5 Qa6 22. Qc3 Rb4 23. Rd1 g6 24. Rxc6 Rb6 25. Rc5 Rb4 26.
Rc6 Rb6 27. Rdd6 Rxc6 28. Rxc6 Qa7 29. Rc5 a4 30. Ra5 Qb8 31. Rxa4 Rc8 32.
Qd2 Qe5 33. Rd4 Kg7 34. h3 Bf5 35. Rc4 Rxc4 36. bxc4 Qa1+ 37. Kh2 Bb1 38.
a4 h5 39. h4 Kh7 40. a5 1-0

[Event "ESP-chT Div Honor 2018"]
[Site "Linares"]
[Date "2018.08.12"]
[Round "7"]
[White "Paehtz, Elisabeth"]
[Black "Assaubayeva, Bibisara"]
[Result "1/2-1/2"]
[WhiteElo "2500"]
[BlackElo "2346"]
[ECO "E63"]
[Opening "King's Indian"]
[Variation "fianchetto, Panno variation"]
[TimeControl "40/5400+30:1800+30"]
[Annotator "ChessBase"]
[EventDate "2018.08.06"]
[PlyCount "60"]
[EventType "team-tourn"]
[EventCountry "ESP"]

1. d4 Nf6 2. Nf3 g6 3. g3 Bg7 4. Bg2 O-O 5. O-O d6 6. c4 Nc6 7. Nc3 a6 8.
Bf4 Rb8 9. Rc1 h6 10. h3 Bd7 11. b3 Nh5 12. Be3 e5 13. dxe5 dxe5 14. Qd2 g5
15. Bc5 Re8 16. Rfd1 Nf6 17. e4 Qc8 18. h4 g4 19. Nh2 Nd4 20. Nd5 Qd8 21.
Ne3 Ne6 22. Ba3 Nd4 23. Bc5 Ne6 24. Ba3 Nd4 25. Bc5 Ne6 26. Ba3 Nd4 27. Bc5
Ne6 28. Ba3 Nd4 29. Bc5 Ne6 30. Ba3 Nd4 1/2-1/2

[Event "ESP-chT Div Honor 2018"]
[Site "Linares"]
[Date "2018.08.12"]
[Round "7"]
[White "Ubilava, Elizbar"]
[Black "Matnadze, Ana"]
[Result "1-0"]
[WhiteElo "2485"]
[BlackElo "2378"]
[ECO "A18"]
[Opening "English"]
[Variation "Mikenas-Carls, Flohr variation"]
[TimeControl "40/5400+30:1800+30"]
[Annotator "ChessBase"]
[EventDate "2018.08.06"]
[PlyCount "62"]
[EventType "team-tourn"]
[EventCountry "ESP"]

1. c4 Nf6 2. Nc3 e6 3. e4 d5 4. e5 d4 5. exf6 dxc3 6. bxc3 Qxf6 7. Nf3 h6
8. d4 Bd6 9. Bd3 O-O 10. Qe2 c5 11. g4 Qe7 12. g5 Re8 13. Qe4 g6 14. gxh6
f5 15. Qe2 e5 16. Rg1 e4 17. Rxg6+ Kh8 18. Bg5 exf3 19. Bxe7 fxe2 20. Rxd6
Nd7 21. Bg5 Nf8 22. Bxe2 Ne6 23. f4 cxd4 24. cxd4 b6 25. Kf2 Rb8 26. Bf3
Nxg5 27. fxg5 Kh7 28. Re1 Rxe1 29. Kxe1 b5 30. c5 b4 31. Bh5 Bb7 1-0

[Event "ESP-chT Div Honor 2018"]
[Site "Linares"]
[Date "2018.08.12"]
[Round "7"]
[White "Suarez Garcia, Carlos"]
[Black "Collazo Hidalgo-Gato, Niala"]
[Result "1-0"]
[WhiteElo "2468"]
[BlackElo "2199"]
[ECO "A40"]
[Opening "Modern defence"]
[TimeControl "40/5400+30:1800+30"]
[Annotator "ChessBase"]
[EventDate "2018.08.06"]
[PlyCount "63"]
[EventType "team-tourn"]
[EventCountry "ESP"]

1. d4 g6 2. c4 Bg7 3. g3 d6 4. Bg2 e5 5. Nf3 Nc6 6. d5 Nce7 7. Nc3 f5 8.
O-O Nf6 9. c5 O-O 10. Qb3 Kh8 11. cxd6 cxd6 12. Nd2 Nd7 13. Nc4 Nc5 14. Qc2
b6 15. b4 Nb7 16. a4 Bd7 17. Bb2 Rc8 18. Nb5 a6 19. Na7 Rc7 20. b5 Nc5 21.
Nc6 Bxc6 22. dxc6 axb5 23. axb5 Nc8 24. Ra8 Ra7 25. Ra1 Rxa1+ 26. Bxa1 Qc7
27. Ne3 e4 28. Nd5 Qf7 29. Bxg7+ Kxg7 30. Qc3+ Kg8 31. Nf6+ Kg7 32. Ng4+
1-0

[Event "ESP-chT Div Honor 2018"]
[Site "Linares"]
[Date "2018.08.12"]
[Round "7"]
[White "Moreno Tejera, Emilio"]
[Black "Ibarra Jerez, Jose Carlos"]
[Result "1/2-1/2"]
[WhiteElo "2429"]
[BlackElo "2570"]
[ECO "B40"]
[Opening "Sicilian defence"]
[TimeControl "40/5400+30:1800+30"]
[Annotator "RC"]
[EventDate "2018.08.06"]
[PlyCount "90"]
[EventType "team-tourn"]
[EventCountry "ESP"]

1. e4 c5 2. Nf3 e6 3. d3 Nc6 4. g3 e5 5. Bg2 g6 6. a3 Bg7 7. O-O Nge7 8. c3
O-O 9. b4 d6 10. Be3 b6 11. Ra2 Bb7 12. d4 cxd4 13. cxd4 exd4 14. Nxd4 Ne5
15. Nb5 d5 16. exd5 Bxd5 17. Rd2 Bxg2 18. Rxd8 Rfxd8 19. Kxg2 Rxd1 20. Rxd1
Nf5 21. Bf4 a5 22. Nc7 Rf8 23. bxa5 bxa5 24. Rd5 Nc6 25. Rc5 Nfd4 26. Nc3
Rd8 27. N7b5 Bf8 28. Nxd4 Bxc5 29. Nxc6 Rc8 30. Nxa5 Bxa3 31. Ne4 Be7 32.
Nb3 f6 33. Be3 Rc4 34. Nbd2 Rc2 35. g4 Kf7 36. Kf3 Ra2 37. Nc4 Rc2 38.
Ncd6+ Ke6 39. Nb5 Rc4 40. Nd2 Rc8 41. Ne4 Rc4 42. Nd4+ Ke5 43. Nd2 Rxd4 44.
Bxd4+ Kxd4 45. h3 Ke5 1/2-1/2

[Event "ESP-chT Div Honor 2018"]
[Site "Linares"]
[Date "2018.08.12"]
[Round "7"]
[White "Osmak, Iulija"]
[Black "Del Rio De Angelis, Salvador G"]
[Result "1/2-1/2"]
[WhiteElo "2410"]
[BlackElo "2525"]
[ECO "A40"]
[Opening "Queen's pawn"]
[TimeControl "40/5400+30:1800+30"]
[Annotator "ChessBase"]
[EventDate "2018.08.06"]
[PlyCount "110"]
[EventType "team-tourn"]
[EventCountry "ESP"]

1. d4 e6 2. Bf4 Nf6 3. e3 Be7 4. h3 O-O 5. Nf3 b6 6. Nbd2 c5 7. c3 Bb7 8.
Bd3 Nc6 9. O-O Rc8 10. Bh2 d6 11. Qe2 cxd4 12. exd4 Re8 13. Rfe1 Bf8 14.
Rad1 Rc7 15. Ne4 Nxe4 16. Bxe4 g6 17. h4 Nb8 18. Bxb7 Rxb7 19. h5 Nd7 20.
hxg6 hxg6 21. Bf4 Nf6 22. Ng5 Nh5 23. Bc1 Qc8 24. Rd3 Ng7 25. g4 f6 26. Ne4
Be7 27. Rh3 d5 28. Ng3 Kf7 29. Kg2 Rh8 30. Bh6 Rh7 31. Qf3 b5 32. Ne2 Bd6
33. Reh1 Qd8 34. Bxg7 Rxg7 35. Rh8 Qc7 36. g5 f5 37. Qe3 Rb8 38. R8h7 Rg8
39. R7h4 Ke7 40. Nf4 Bxf4 41. Rxf4 Kd7 42. Rfh4 Re8 43. Qe2 Kc6 44. a4 a6
45. Ra1 Kb6 46. axb5 axb5 47. Qd2 Kb7 48. Rh6 e5 49. dxe5 Qxe5 50. Rh4 Rc7
51. Qd4 Qxd4 52. Rxd4 Re5 53. Kg3 Rc4 54. Rad1 Kc6 55. f3 Rxd4 1/2-1/2

[Event "ESP-chT Div Honor 2018"]
[Site "Linares"]
[Date "2018.08.12"]
[Round "7"]
[White "Vega Gutierrez, Sabrina"]
[Black "Gines Esteo, Pedro Antonio"]
[Result "1-0"]
[WhiteElo "2390"]
[BlackElo "2336"]
[ECO "B12"]
[Opening "Caro-Kann"]
[Variation "advance variation"]
[TimeControl "40/5400+30:1800+30"]
[Annotator "NA"]
[EventDate "2018.08.06"]
[PlyCount "105"]
[EventType "team-tourn"]
[EventCountry "ESP"]

1. e4 c6 2. d4 d5 3. e5 Bf5 4. Nd2 e6 5. Nb3 Nd7 6. Nf3 Ne7 7. Be2 h6 8.
O-O g5 9. Ne1 Qc7 10. Nd3 Ng6 11. f4 c5 12. dxc5 Bg7 13. Nd4 Bxd3 14. Qxd3
Nxf4 15. Bxf4 gxf4 16. Nxe6 fxe6 17. Qg6+ Kd8 18. Qxg7 Qxc5+ 19. Kh1 Kc7
20. b4 Qf8 21. Qg4 Qg8 22. Qh3 Re8 23. Bb5 Rc8 24. Rxf4 Nxe5 25. Re1 Qg5
26. Qe3 Nc4 27. Bxc4 dxc4 28. Rxc4+ Kb8 29. Rxc8+ Rxc8 30. Qxe6 Qd2 31. a3
a6 32. h3 Rxc2 33. Qe5+ Ka8 34. Qe8+ Ka7 35. Qe3+ Qxe3 36. Rxe3 Ra2 37. g4
Kb6 38. h4 Kc6 39. g5 hxg5 40. hxg5 Kd6 41. g6 Rc2 42. g7 Rc8 43. Rg3 Rg8
44. Kg2 Ke5 45. Kf3 a5 46. bxa5 Kf5 47. Ke3 Ke5 48. Rg5+ Kf6 49. Kf4 Ke6
50. Rg6+ Kf7 51. Kf5 Ke7 52. Rg1 Kf7 53. Rg3 1-0